 Dungeon Crawl Stone Soup version 0.15-a0-244-g7dd1917 (webtiles) character file.

436 MrRokkomies the Vexing (level 6, 0/28 HPs)
             Began as a Vine Stalker Enchanter on Apr 25, 2014.
             Succumbed to an adder's poison
             ... on Level 4 of the Dungeon on Apr 26, 2014.
             The game lasted 00:18:49 (3365 turns).

MrRokkomies the Vexing (Vine Stalker Enchanter)     Turns: 3365, Time: 00:18:49

HP   0/28        AC  4     Str 11      XL: 6   Next: 36%
MP   2/12        EV 11     Int 17      God:
Gold 138         SH  7     Dex 14      Spells:  2 memorised,  6 levels left

rFire  . . .     SeeInvis .     e - +0,-1 dagger (curse)
rCold  + . .     Clarity  .     b - +1 robe
rNeg   . . .     Conserve .     s - +0 buckler
rPois  .         rCorr    .     (no helmet)
rElec  .         rRot     +     (no cloak)
SustAb . .       Spirit   +     (no gloves)
rMut   .         Warding  .     H - +0 pair of boots
Saprov . . .     Stasis   .     (no amulet)
MR     +....                    v - ring of protection from magic {unknown}
                                h - ring of protection from cold

@: lethally poisoned, somewhat resistant to hostile enchantments, stealthy
A: fangs 2, regeneration 2, magic shield, antimagic bite, no device heal
a: no special abilities


You were on level 4 of the Dungeon.
You were hungry.

You visited 1 branch of the dungeon, and saw 4 of its levels.

You collected 138 gold pieces.

Inventory:

Hand weapons
 a - a +1,+1 dagger
 e - a cursed +0,-1 dagger (weapon)
 u - a +0,+0 sling
 w - a +2,+1 dagger of speed
 x - a cursed -3,-2 falchion
 y - a +2,+2 whip of electrocution
 B - a +1,+0 dagger of venom
 F - a +0 blowgun
Missiles
 d - 12 darts
 i - 13 arrows
 j - 7 arrows of flame
 m - 75 sling bullets
 G - 21 poisoned needles
 I - 7 javelins (quivered)
 J - 8 poisoned darts
Armour
 b - a +1 robe (worn)
 s - a +0 buckler (worn)
 H - a +0 pair of boots (worn)
Magical devices
 t - a wand of lightning (9)
 D - a wand of confusion (4)
Comestibles
 f - 5 bread rations
 l - 2 meat rations
 q - a chunk of adder flesh
 C - a choko
Scrolls
 g - a scroll of teleportation
 p - a scroll of immolation
Jewellery
 h - a ring of protection from cold (left hand)
 v - a ring of protection from magic (right hand) {unknown}
Potions
 k - 2 potions of magic
 n - a potion of mutation
 o - a potion of restore abilities
 r - a potion of brilliance
Books
 c - a book of Maledictions

   Spells                             Type                      Level
   *Corona                            Hexes                        1
   Sure Blade                         Hexes/Charms                 2
   *Ensorcelled Hibernation           Hexes/Ice                    2
   Confuse                            Hexes                        3
   Dazzling Spray                     Conjuration/Hexes            3
   Enslavement                        Hexes                        4
 E - a book of Fire

   Spells                             Type                      Level
   Fire Brand                         Charms/Fire                  2
   Ignite Poison                      Fire/Transmutation           5
   Fireball                           Conjuration/Fire             5
   Bolt of Fire                       Conjuration/Fire             6
   Delayed Fireball                   Conjuration/Fire             7
   Ring of Flames                     Charms/Fire                  7


   Skills:
 * Level 3.7 Short Blades
 - Level 0.8 Throwing
 - Level 1.5 Dodging
 * Level 3.9 Stealth
 - Level 2.1 Spellcasting
 - Level 5.0 Hexes


You had 6 spell levels left.
You knew the following spells:

 Your Spells              Type           Power        Failure   Level  Hunger
a - Corona                Hex            ###....      2%          1    #......
b - Ensorcelled Hibernat  Hex/Ice        ##....       14%         2    ##.....


Dungeon Overview and Level Annotations

Branches:
Dungeon (4/15)
 Temple: D:4-7

Altars:
Kikubaaqudgha


Innate Abilities, Weirdness & Mutations

You are immune to rotting.
You have extremely sharp teeth.
You heal very quickly.
When hurt, damage is shared between your health and your magic reserves.
Your bite disrupts and absorbs the magic of your enemies.
Potions and wands cannot restore your HP.


Message History

The adder is almost dead.
The orc wizard seems less confused.
You block the adder's attack.
You closely miss the adder. Your bite misses the adder.
The adder is almost dead.
The adder bites you.
You barely miss the adder. Your bite misses the adder.
The adder is almost dead.
You feel sick. The adder bites you.
* * * LOW HITPOINT WARNING * * *
You are more poisoned.
The adder poisons you! The adder bites you.
* * * LOW HITPOINT WARNING * * *
Drink which item? (? for menu, Esc to quit)
You feel better. The adder bites you.
* * * LOW HITPOINT WARNING * * *
You are lethally poisoned!
The adder poisons you!
You closely miss the adder.
The adder is almost dead.
You die...

.o.....#..oo...#.....#....#.#
....##)#.s.###.#.....#....#.# ...
#.#....##.#.#.......##.# ..
#......##...#.....<....#
......##....##.........#.##.#
............##.....#...#.##.#
....#.#.##.........#..##.##.#
..#...#.#......#+#.#..##.##.#
..#............#@#.#..##.##.#
........##.....S)#.....#.##.#####
..####.........#######.#.##.#...#
.....#.###.....# #...#....#.#.#.#
...#.#.........# #....#.......#.#
#.##'#...#.....# #....#...#.###.#
...............###....#......##.#
.....................>..........#
.......#............####..##.####


You could see an adder.

Vanquished Creatures
  A hound (D:4)
  4 orc wizards
  4 adders
  An orc skeleton (D:4)
  A worm (D:3)
  An ooze (D:1)
  19 orcs
  14 bats
  4 giant cockroaches
  11 goblins
  5 hobgoblins
  4 jackals (D:3)
  2 quokkas
  2 ball pythons (D:1)
  3 giant geckos
  3 giant newts
  2 goblin skeletons (D:4)
  9 kobolds
  8 rats
98 creatures vanquished.

Notes
Turn   | Place    | Note
--------------------------------------------------------------
     0 | D:1      | MrRokkomies, the Vine Stalker Enchanter, began the quest for the Orb.
     0 | D:1      | Reached XP level 1. HP: 9/9 MP: 3/3
    57 | D:1      | Reached skill level 1 in Short Blades
   172 | D:1      | Reached XP level 2. HP: 13/13 MP: 5/5
   176 | D:1      | Learned a level 2 spell: Ensorcelled Hibernation
   638 | D:2      | Reached XP level 3. HP: 16/16 MP: 7/7
   913 | D:2      | Reached skill level 4 in Hexes
  1360 | D:3      | Reached XP level 4. HP: 13/21 MP: 0/8
  1747 | D:3      | Upgraded the game from 0.15-a0-225-ga4013df to 0.15-a0-244-g7dd1917
  2111 | D:3      | Found an ancient bone altar of Kikubaaqudgha.
  2197 | D:3      | Reached XP level 5. HP: 16/24 MP: 8/11
  2684 | D:4      | Reached skill level 5 in Hexes
  3097 | D:4      | Gained mutation: You heal very quickly. [vine stalker growth]
  3097 | D:4      | Reached XP level 6. HP: 28/28 MP: 8/12
  3364 | D:4      | HP: 1/28 [adder (3)]
  3365 | D:4      | Succumbed to an adder's poison

Action                   |  1- 3 |  4- 6 || total
-------------------------+-------+-------++-------
Melee: Dagger            |   135 |   233 ||   368
 Cast: Ensorcelled Hiber |     5 |    30 ||    35
Evoke: Wand              |     1 |    14 ||    15
  Use: Scroll            |     7 |     7 ||    14
       Potion            |       |     2 ||     2
 Stab: Sleeping          |     8 |    16 ||    24
       Confused          |       |     1 ||     1
